 Seeded DCSS version 0.32-a0-12-g7fc57aa741 (webtiles) character file.

Game seed: 560841995258110699 (custom seed)

79783 Esekla the Thaumaturge (level 15, -19/117 HPs)
             Began as a Gnoll Necromancer on Jan 14, 2024.
             Was an Initiate of Gozag.
             Demolished by a merfolk
             ... wielding a +0 trident
              (54 damage)
             ... on level 1 of the Shoals.
             The game lasted 02:58:06 (23827 turns).

Esekla the Thaumaturge (Gnoll Necromancer)         Turns: 23827, Time: 02:58:07

Health: -19/117    AC: 19    Str: 15    XL:     15   Next: 64%
Magic:  1/30       EV:  2    Int: 18    God:    Gozag
Gold:   661        SH:  0    Dex: 15    Spells: 0/37 levels left

rFire   + + .        r - +9 lance "Wyrmbane" {slay drac, rPois rF+ rC+ AC+3}
rCold   + . .        (no shield)
rNeg    . . .        U - +2 leather armour of Lightning Storm {^Drain rF+ Str+3 Dex+3}
rPois   +            h - +0 helmet
rElec   .            G - +0 cloak
rCorr   .            (no gloves)
SInv    .            A - +2 pair of boots {Fly}
Will    +....        C - amulet of reflection
Stlth   +++++        i - +4 ring of protection
HPRegen 0.39/turn    I - ring of wizardry
MPRegen 0.22/turn

%: reflection, wizardry (x1)
@: sleeping, gold aura, flying, mesmerised
A: fangs 1, strong nose, distributed training
a: Renounce Religion, Potion Petition, Call Merchant, Bribe Branch


You were on level 1 of the Shoals.
You worshipped Gozag.
Gozag was pleased with you.
You visited 4 branches of the dungeon, and saw 19 of its levels.
You also visited: Sewer, Bailey and Volcano.

You collected 7143 gold pieces.
You spent 2933 gold pieces at shops.
You paid 3549 gold pieces to Gozag.

Inventory:

Hand Weapons
 a - the +5 woodcutter's axe
   (You found it on level 4 of the Dungeon)
 c - a +1 scimitar of electrocution
 r - the +9 lance "Wyrmbane" (weapon) {slay drac, rPois rF+ rC+ AC+3}
   (You took it off Maggie on level 8 of the Dungeon)

   AC+3:      It affects your AC (+3).
   rF+:       It protects you from fire.
   rC+:       It protects you from cold.
   rPois:     It protects you from poison
 s - the +6 dagger of Jeidgharr {heavy, Dex+4}
   (You found it on level 3 of the Dungeon)

   Dex+4:     It affects your dexterity (+4).
Missiles
 v - 5 javelins
 y - 23 boomerangs
 F - 17 poisoned darts (quivered)
 L - a curare-tipped dart
Armour
 h - a +0 helmet (worn)
 A - a +2 pair of boots of flying (worn)
 G - a +0 cloak (worn)
 T - the +0 leather armour of Past Mistakes {rElec rC+}
   (You bought it in a shop on level 9 of the Dungeon)

   rC+:       It protects you from cold.
   rElec:     It insulates you from electricity.
 U - the +2 leather armour of Lightning Storm (worn) {^Drain rF+ Str+3 Dex+3}
   (You bought it in a shop on level 9 of the Dungeon)

   Str+3:     It affects your strength (+3).
   Dex+3:     It affects your dexterity (+3).
   rF+:       It protects you from fire.
   ^Drain:    It drains your maximum health when unequipped.
Jewellery
 i - a +4 ring of protection (left hand)
 k - a ring of flight
 u - a ring of ice
 C - an amulet of reflection (around neck)
 E - a ring of resist corrosion
 I - a ring of wizardry (right hand)
Wands
 e - a wand of flame (2)
 m - a wand of iceblast (6)
 K - a wand of acid (10)
 N - a wand of digging (4)
Scrolls
 l - a scroll of enchant armour
 n - 2 scrolls of enchant weapon
 o - 3 scrolls of fear
 x - 2 scrolls of revelation
 H - a scroll of acquirement
 J - a scroll of butterflies
 P - 2 scrolls of poison {unknown}
Potions
 b - a potion of magic
 d - 2 potions of experience
 f - a potion of mutation
 g - 7 potions of might
 j - 2 potions of attraction
 p - 3 potions of haste
 q - a potion of invisibility
 t - a potion of brilliance
 w - 5 potions of curing
 z - 6 potions of ambrosia
 B - 5 potions of enlightenment
 D - a potion of resistance
 M - a potion of heal wounds
 R - a potion of cancellation
Miscellaneous
 S - a tin of tremorstones (2/2)


   Skills:
 + Level 10.6 Fighting
 + Level 10.6 Short Blades
 + Level 10.6 Long Blades
 + Level 10.6 Axes
 + Level 10.6 Maces & Flails
 + Level 10.6 Polearms
 + Level 10.6 Staves
 + Level 10.6 Ranged Weapons
 + Level 10.6 Throwing
 + Level 10.6 Armour
 + Level 11.5 Dodging
 + Level 11.4 Stealth
 + Level 10.6 Shields
 + Level 10.6 Unarmed Combat
 + Level 11.7 Spellcasting
 + Level 8.9 Conjurations
 + Level 8.9 Hexes
 + Level 8.9 Summonings
 + Level 11.4 Necromancy
 + Level 8.9 Translocations
 + Level 8.9 Fire Magic
 + Level 8.9 Ice Magic
 + Level 8.9 Air Magic
 + Level 8.9 Earth Magic
 + Level 8.9 Alchemy
 + Level 11.5 Invocations
 + Level 10.6 Evocations
 + Level 9.7 Shapeshifting


You couldn't memorise any spells.
You knew the following spells:

 Your Spells              Type           Power      Damage    Failure   Level
a - Ozocubu's Armour      Ice            42%        N/A       1%          3
b - Blink                 Tloc           84%        N/A       1%          2
c - Mephitic Cloud        Conj/Alch/Air  42%        N/A       1%          3
d - Vampiric Draining     Necr           51%        2d9       1%          3
i - Iskenderun's Mystic   Conj/Tloc      42%        2d10      1%          4
n - Ignite Poison         Fire/Alch      42%        N/A       1%          4
r - Frozen Ramparts       Ice            84%        1d13      1%          3
u - Dispel Undead         Necr           51%        3d19      1%          4
v - Mercury Vapours       Alch/Air       84%        N/A       1%          2
y - Sticky Flame          Fire/Alch      42%        2d8       1%          4
z - Freezing Cloud        Conj/Ice/Air   21%        6-21      2%          5

Your spell library contained the following spells:

 Spells                   Type           Power      Damage    Failure   Level
 Necrotise                Necr           100%       1d9       1%          1
 Cigotuvi's Dreadful Rot  Necr/Alch/Air  90%        N/A       1%          2
 Lesser Beckoning         Tloc           84%        N/A       1%          2
 Momentum Strike          Conj/Tloc      84%        3d10      1%          2
 Dazzling Flash           Conj/Hex       84%        N/A       1%          3
 Fugue of the Fallen      Necr           51%        N/A       1%          3
 Hailstorm                Conj/Ice       42%        3d9       1%          3
 Summon Ice Beast         Ice/Summ       42%        N/A       1%          3
 Volatile Blastmotes      Fire/Tloc      84%        2d17      1%          3
 Fulminant Prism          Conj/Alch      21%        3d12      1%          4
 Leda's Liquefaction      Alch/Erth      21%        N/A       1%          4
 Manifold Assault         Tloc           42%        N/A       1%          4
 Martyr's Knell           Necr/Summ      47%        N/A       1%          4
 Petrify                  Alch/Erth      42%        N/A       1%          4
 Curse of Agony           Necr           51%        N/A       1%          5
 Metabolic Englaciation   Hex/Ice        21%        N/A       2%          5
 Silence                  Hex/Air        21%        N/A       2%          5
 Death Channel            Necr           25%        N/A       4%          6
 Dispersal                Tloc           21%        N/A       12%         6
 Sculpt Simulacrum        Ice/Alch       21%        N/A       12%         6
 Haunt                    Necr/Summ      23%        N/A       38%         7
 Infestation              Necr           25%        N/A       86%         8
 Disjunction              Tloc           21%        N/A       99%         8
 Ignition                 Fire           21%        3d8       99%         8
 Animate Dead             Necr           Unusable   N/A       N/A         4

Dungeon Overview and Level Annotations

Branches:
Dungeon (11/15)            Temple (0/1) D:7            Lair (5/5) D:9
 Shoals (1/4) Lair:3       Spider (0/4) Lair:2        Slime (0/5) Lair:4
    Orc (2/2) D:11            Elf (0/3) Orc:2         Sewer (visited)
 Bailey (visited)         Volcano (visited)

Altars:
Dithmenos
Fedhas
Gozag
Nemelex Xobeh
Qazlal
Vehumet
Wu Jian
Yredelemnul
Jiyva
Lugonu

Shops:
D:6 *   D:9 *[[:   D:11 [   Orc:2 *[((

Portals:
Abyss: Lair:5


Innate Abilities, Weirdness & Mutations

You have very sharp teeth.
Your uncanny sense of smell can sniff out nearby items.
Your experience applies equally to all skills.


Message History

Casting: Sticky Flame (mildly dangerous; 1% risk of failure)
Confirm with . or Enter, or press ? or * to list all spells.
Aiming: Mephitic Cloud (safe; 1% risk of failure)
Press: ? - help, Shift-Dir - straight line, f - merfolk
Aim: a merfolk, wielding a +0 trident (chance to affect: 53%)
The ball explodes into a vile cloud!
The stinking cloud engulfs the merfolk.
The stinking cloud engulfs the merfolk siren.
You hear an angry hiss.
The merfolk siren is engulfed in noxious fumes.
The merfolk is engulfed in noxious fumes.
The merfolk appears confused.
The manticore is distracted by your dazzling golden aura.
The dream sheep ruffles its wool and motes of dream dust sparkle, to no effect.
You hit the manticore but do no damage.
The manticore is no longer distracted by gold.
The merfolk siren chants a haunting song.
You are mesmerised by the merfolk siren!
The merfolk hits you with a +0 trident.
* * * LOW HITPOINT WARNING * * *
Casting: Mephitic Cloud (safe; 1% risk of failure)
Confirm with . or Enter, or press ? or * to list all spells.
Aiming: Vampiric Draining (safe; 1% risk of failure)
Press: ? - help, Shift-Dir - straight line, f - manticore, p - merfolk
Aim: a manticore You draw life force from the manticore!!
You feel life coursing into your body! The manticore closely misses you.
You block the manticore's attack. The manticore claws you.
* * * LOW HITPOINT WARNING * * *
The merfolk siren is distracted by your dazzling golden aura.
The merfolk hits you with a +0 trident!!
* * * LOW HITPOINT WARNING * * *
You feel much better.
The centaur warrior is engulfed in noxious fumes.
The manticore is distracted by your dazzling golden aura.
The dream sheep shake their wool and sparkle.
You feel drowsy...
You fall asleep.
The centaur warrior is engulfed in noxious fumes.
The merfolk hits you with a +0 trident!!!
You die...
Your body crumbles into a pile of gold.

~~~.~~. #..~~~
~~~~~~~.###...~~~~
≈≈~~~~~~......~~~~~
≈≈≈~~~~~~...~~~~~~.
≈≈≈≈~~~~~~~~~~~~~~.
≈≈~~~~~~~~~~~~~~~~~
~~..~~~~~~~~...~~~
.~..~~~~~~H~~.#
)~~~~~~~$##@~##
~~~~.Y$<##m.....~~~
..~~~~~mY§c~~~~~~~~
..~~~$~Y§m§.~~~[.~~
.~~~$~~~~~~~~~~....
.~~~~~~~~~~~~~..##.
...~~~~~~~~~~$.##
..~~~~~~~~~~...#
.~~~~≈≈~~~~.c..


You could see a merfolk (confused), a centaur warrior, a manticore (unaware), a
merfolk siren (mesmerising, unaware) and 2 dream sheep.

Vanquished Creatures
  Kirke (Lair:4)
  An orc warlord (Orc:1)
  Nessos (Lair:3)
  Josephine (Lair:3)
  A merfolk impaler (Shoals:1)
  Fannar (Lair:3)
  2 hydras (Lair:4)
  Harold (D:9)
  An ogre mage (Orc:2)
  3 death yaks
  A boulder beetle (Lair:5)
  2 two-headed ogres
  2 thrashing horrors (Lair:5)
  3 orc high priests (Orc:2)
  2 skysharks
  2 deep elf archers (Volcano)
  4 orc knights (Orc:2)
  9 deep elf pyromancers
  A large abomination (Lair:5)
  A lindwurm (Lair:1)
  2 orc sorcerers (Orc:2)
  3 ugly things (Lair:5)
  A cyclops (Shoals:1)
  A manticore (Shoals:1)
  Maurice (D:11)
  2 oklob plants (Lair:4)
  21 elephants (Lair:4)
  Joseph (D:8)
  3 kobold blastminers (Orc:2)
  5 black mambas
  2 gargoyles
  3 smoke demons (Lair:5)
  12 cane toads
  Maggie (D:8)
  A rime drake (Lair:5)
  3 kobold demonologists (D:9)
  6 komodo dragons
  3 trolls
  A queen bee (Lair:1)
  5 polar bears
  3 hornets
  29 blink frogs
  6 dream sheep
  2 raiju (Lair:5)
  2 jumping spiders (Lair:2)
  A water elemental (Shoals:1)
  2 spriggans (Lair:5)
  2 humans (Lair:4)
  2 vampires
  7 wraiths
  2 ynoxinuls (Lair:5)
  41 yaks
  5 fire elementals (Volcano)
  A fire bat (shapeshifter) (Lair:5)
  5 wargs (Orc:1)
  6 wyverns
  7 fire bats (Lair:5)
  3 steam dragons
  A chaos spawn (Lair:5)
  9 basilisks
  4 hell hounds (Volcano)
  18 water moccasins
  26 orc warriors
  3 black bears
  An ice beast (D:5)
  11 small abominations (Lair:5)
  4 ogres
  35 wolves
  6 centaurs
  A phantom (D:5)
  2 kobold brigands (D:9)
  2 brain worms (Sewer)
  2 scorpions (D:6)
  11 bullfrogs
  12 wights
  19 killer bees
  2 howler monkeys (D:10)
  A bombardier beetle (D:5)
  16 orc priests
  3 hounds
  A gnoll bouda (D:7)
  Crazy Yiuf (D:6)
  2 jellies
  A sleepcap (D:6)
  6 iguanas
  26 orc wizards
  9 gnolls
  14 adders
  4 river rats (Sewer)
  A white imp (D:8)
  A ribbon worm (D:3)
  5 dart slugs
  57 orcs
  8 ball pythons
  4 endoplasms
  4 giant cockroaches
  12 goblins
  9 hobgoblins
  3 quokkas
  9 bats
  9 frilled lizards
  22 kobolds
  15 rats
655 creatures vanquished.

Vanquished Creatures (others)
  An electric eel (Orc:1)
  An orc priest (Orc:2)
  An orc wizard (Orc:2)
  An orc (Orc:1)
4 creatures vanquished.

Grand Total: 659 creatures vanquished

Notes
Turn   | Place    | Note
-------+----------+-------------------------------------------
     0 | D:1      | Esekla the Gnoll Necromancer began the quest for the Orb.
     0 | D:1      | Reached XP level 1. HP: 13/13 MP: 6/6
   277 | D:1      | Reached XP level 2. HP: 8/19 MP: 7/7
  1088 | D:2      | Reached skill level 5 in Spellcasting
  1088 | D:2      | Reached XP level 3. HP: 4/25 MP: 7/9
  1090 | D:2      | HP: 1/37 [poisoned by an adder]
  1095 | D:2      | Learned a level 3 spell: Vampiric Draining
  1244 | D:2      | Reached skill level 1 in Invocations
  1293 | D:2      | Found a faded altar of an unknown god.
  1332 | D:3      | Reached skill level 1 in Fighting
  1332 | D:3      | Reached skill level 1 in Short Blades
  1332 | D:3      | Reached skill level 1 in Long Blades
  1332 | D:3      | Reached skill level 1 in Axes
  1332 | D:3      | Reached skill level 1 in Maces & Flails
  1332 | D:3      | Reached skill level 1 in Polearms
  1332 | D:3      | Reached skill level 1 in Staves
  1332 | D:3      | Reached skill level 1 in Ranged Weapons
  1332 | D:3      | Reached skill level 1 in Throwing
  1332 | D:3      | Reached skill level 1 in Armour
  1332 | D:3      | Reached skill level 1 in Shields
  1332 | D:3      | Reached skill level 1 in Unarmed Combat
  1332 | D:3      | Reached skill level 1 in Evocations
  1439 | D:3      | Reached skill level 1 in Shapeshifting
  1439 | D:3      | Reached XP level 4. HP: 29/32 MP: 7/11
  1445 | D:3      | Identified the +2 leather armour of the Hart {rF+ Str-3
                  | Stlth+}
  1552 | D:3      | Identified the +6 dagger of Jeidgharr {heavy, Dex+4}
  1878 | D:4      | Found the +5 woodcutter's axe
  1909 | D:4      | Reached skill level 1 in Conjurations
  1909 | D:4      | Reached skill level 1 in Hexes
  1909 | D:4      | Reached skill level 1 in Summonings
  1909 | D:4      | Reached skill level 1 in Translocations
  1909 | D:4      | Reached skill level 1 in Fire Magic
  1909 | D:4      | Reached skill level 1 in Ice Magic
  1909 | D:4      | Reached skill level 1 in Air Magic
  1909 | D:4      | Reached skill level 1 in Earth Magic
  1909 | D:4      | Reached skill level 1 in Alchemy
  1981 | D:5      | Entered Level 5 of the Dungeon
  1995 | D:4      | Reached XP level 5. HP: 22/37 MP: 5/12
  2133 | D:5      | Noticed an ice beast
  2139 | D:5      | Killed an ice beast
  2140 | D:5      | Reached skill level 5 in Dodging
  2140 | D:5      | Reached XP level 6. HP: 44/44 MP: 14/14
  2183 | D:5      | Found a glowing drain.
  2187 | Sewer    | Entered a sewer
  2454 | Sewer    | Reached XP level 7. HP: 18/51 MP: 2/15
  2854 | D:6      | Found an opulent altar of Gozag.
  2862 | D:6      | Became a worshipper of Gozag Ym Sagoz the Greedy
  2920 | D:6      | Reached skill level 5 in Stealth
  4370 | D:4      | Reached XP level 8. HP: 58/58 MP: 16/16
  4617 | D:5      | Found a blossoming altar of Fedhas.
  4622 | D:5      | Found a sparkling altar of Nemelex Xobeh.
  4624 | D:5      | Found a shadowy altar of Dithmenos.
  4625 | D:5      | Found a stormy altar of Qazlal.
  4631 | D:5      | Found a basalt altar of Yredelemnul.
  4975 | D:6      | Found Bisonib's Assorted Antiques.
  4991 | D:6      | Bought a scroll labelled IJEPLA PUATE for 25 gold pieces
  4991 | D:6      | Bought a scroll labelled ZESHRIXT RARHI for 25 gold pieces
  4991 | D:6      | Bought a smoky silvery potion for 22 gold pieces
  4991 | D:6      | Bought a tiny fluorescent amulet for 125 gold pieces
  5715 | D:6      | Found a runed translucent door.
  5716 | D:6      | Noticed Crazy Yiuf
  5723 | D:6      | Killed Crazy Yiuf
  5913 | D:7      | Noticed a wyvern
  6318 | D:7      | Reached XP level 9. HP: 57/65 MP: 14/18
  6597 | D:7      | Found a staircase to the Ecumenical Temple.
  6966 | D:8      | Noticed Maggie
  7387 | D:8      | Reached skill level 5 in Invocations
  7543 | D:8      | Noticed Joseph
  7560 | D:8      | Killed Joseph
  7787 | D:8      | Reached skill level 5 in Fighting
  7787 | D:8      | Reached skill level 5 in Short Blades
  7787 | D:8      | Reached skill level 5 in Long Blades
  7787 | D:8      | Reached skill level 5 in Axes
  7787 | D:8      | Reached skill level 5 in Maces & Flails
  7787 | D:8      | Reached skill level 5 in Polearms
  7787 | D:8      | Reached skill level 5 in Staves
  7787 | D:8      | Reached skill level 5 in Ranged Weapons
  7787 | D:8      | Reached skill level 5 in Throwing
  7787 | D:8      | Reached skill level 5 in Armour
  7787 | D:8      | Reached skill level 5 in Shields
  7787 | D:8      | Reached skill level 5 in Unarmed Combat
  7787 | D:8      | Reached skill level 5 in Evocations
  7787 | D:8      | Reached XP level 10. HP: 74/74 MP: 20/20
  8170 | D:9      | Found a staircase to the Lair.
  8432 | D:8      | Killed Maggie
  8722 | D:9      | Noticed a kobold demonologist
  8722 | D:9      | Noticed a kobold demonologist
  8723 | D:9      | Noticed a kobold demonologist
  8725 | D:9      | Noticed Harold
  8738 | D:9      | Noticed a smoke demon
  8739 | D:9      | Killed a kobold demonologist
  8740 | D:9      | Reached skill level 5 in Shapeshifting
  8747 | D:9      | Noticed a rust devil
  9080 | D:9      | Killed a kobold demonologist
  9165 | D:9      | Killed Harold
  9447 | D:9      | Noticed a sun demon
  9450 | D:9      | Killed a kobold demonologist
  9555 | D:9      | Reached skill level 5 in Conjurations
  9555 | D:9      | Reached skill level 5 in Hexes
  9555 | D:9      | Reached skill level 5 in Summonings
  9555 | D:9      | Reached skill level 5 in Translocations
  9555 | D:9      | Reached skill level 5 in Fire Magic
  9555 | D:9      | Reached skill level 5 in Ice Magic
  9555 | D:9      | Reached skill level 5 in Air Magic
  9555 | D:9      | Reached skill level 5 in Earth Magic
  9555 | D:9      | Reached skill level 5 in Alchemy
  9573 | D:9      | Learned a level 2 spell: Blink
  9721 | Lair:1   | Entered Level 1 of the Lair of Beasts
  9757 | Lair:1   | Reached XP level 11. HP: 81/81 MP: 22/22
 11124 | Lair:1   | Noticed a lindwurm
 11141 | Lair:1   | Killed a lindwurm
 11817 | Lair:2   | Reached XP level 12. HP: 69/91 MP: 13/24
 12286 | Lair:2   | Found a hole to the Spider Nest.
 12374 | Lair:2   | Noticed a skyshark
 12421 | Lair:2   | Noticed a death yak
 12421 | Lair:2   | Noticed a death yak
 12422 | Lair:2   | Noticed a death yak
 12551 | Lair:2   | Found a radiant altar of Vehumet.
 12560 | Lair:2   | Learned a level 4 spell: Sticky Flame
 12565 | Lair:2   | Learned a level 4 spell: Ignite Poison
 12769 | Lair:1   | Killed a death yak
 12932 | Lair:2   | Killed a skyshark
 13137 | Lair:2   | Killed a death yak
 13145 | Lair:2   | Killed a death yak
 13255 | Lair:3   | Noticed Nessos
 13459 | Lair:2   | Learned a level 3 spell: Mephitic Cloud
 13545 | Lair:3   | Found a dark tunnel.
 13558 | Volcano  | Entered a volcano
 13806 | Volcano  | Reached XP level 13. HP: 51/98 MP: 16/26
 14021 | Volcano  | Reached skill level 10 in Necromancy
 14354 | Lair:3   | Killed Nessos
 14435 | Lair:3   | Noticed Fannar
 14445 | Lair:3   | Killed Fannar
 14446 | Lair:3   | Noticed Josephine
 14475 | Lair:3   | Found a staircase to the Shoals.
 14652 | Lair:3   | Learned a level 4 spell: Dispel Undead
 14758 | Lair:3   | Killed Josephine
 15270 | Lair:3   | Reached skill level 10 in Spellcasting
 15540 | D:9      | Bought a book of Vapours for 468 gold pieces
 15543 | D:9      | Learned a level 2 spell: Mercury Vapours
 15549 | D:9      | Learned a level 5 spell: Freezing Cloud
 15549 | D:9      | Upgraded the game from 0.32-a0-7-ge934b4519a to
                  | 0.32-a0-12-g7fc57aa741
 16000 | Lair:4   | Reached skill level 10 in Dodging
 16302 | Lair:4   | Found a viscous altar of Jiyva.
 16308 | Lair:4   | Reached skill level 10 in Stealth
 16443 | Lair:4   | Found a staircase to the Slime Pits.
 16668 | Lair:4   | Reached XP level 14. HP: 98/108 MP: 12/28
 16673 | Lair:4   | Reached skill level 10 in Invocations
 16830 | Lair:4   | Noticed Kirke
 17087 | Lair:4   | Killed Kirke
 17340 | Lair:5   | Entered Level 5 of the Lair of Beasts
 18906 | Lair:5   | Reached skill level 10 in Fighting
 18906 | Lair:5   | Reached skill level 10 in Short Blades
 18906 | Lair:5   | Reached skill level 10 in Long Blades
 18906 | Lair:5   | Reached skill level 10 in Axes
 18906 | Lair:5   | Reached skill level 10 in Maces & Flails
 18906 | Lair:5   | Reached skill level 10 in Polearms
 18906 | Lair:5   | Reached skill level 10 in Staves
 18906 | Lair:5   | Reached skill level 10 in Ranged Weapons
 18906 | Lair:5   | Reached skill level 10 in Throwing
 18906 | Lair:5   | Reached skill level 10 in Armour
 18906 | Lair:5   | Reached skill level 10 in Shields
 18906 | Lair:5   | Reached skill level 10 in Unarmed Combat
 18906 | Lair:5   | Reached skill level 10 in Evocations
 18995 | Lair:5   | Found a corrupted altar of Lugonu.
 18995 | Lair:5   | Found a one-way gate to the infinite horrors of the Abyss.
 19019 | Lair:5   | Identified the +1 ring mail "Ufrocel" {Stlth+}
 19082 | Lair:5   | Reached XP level 15. HP: 111/115 MP: 19/30
 19370 | D:9      | Bought a book of Blasting for 504 gold pieces
 19370 | D:9      | Bought a book of Battle for 468 gold pieces
 19375 | D:9      | Learned a level 4 spell: Iskenderun's Mystic Blast
 19379 | D:9      | Learned a level 3 spell: Ozocubu's Armour
 19384 | D:9      | Bought an ichor-stained helmet for 332 gold pieces
 19384 | D:9      | Identified the -1 helmet "Kajujadd" {rC+ Will+} (You bought
                  | it in a shop on level 9 of the Dungeon)
 19385 | D:9      | Bought a faintly humming leather armour for 245 gold pieces
 19385 | D:9      | Identified the +0 leather armour of Past Mistakes {rElec
                  | rC+} (You bought it in a shop on level 9 of the Dungeon)
 19385 | D:9      | Bought an encrusted leather armour for 245 gold pieces
 19385 | D:9      | Identified the +2 leather armour of Lightning Storm {^Drain
                  | rF+ Str+3 Dex+3} (You bought it in a shop on level 9 of the
                  | Dungeon)
 19385 | D:9      | Bought a glimmering leather armour for 245 gold pieces
 19385 | D:9      | Identified the +2 leather armour of Decompression {+Inv}
                  | (You bought it in a shop on level 9 of the Dungeon)
 19415 | D:10     | Entered Level 10 of the Dungeon
 19854 | D:10     | Identified a scroll of acquirement
 19858 | D:10     | Found a flagged portal.
 19882 | Bailey   | Entered a bailey
 20038 | Bailey   | Identified the +1 chain mail "Hafref" {Rampage}
 20247 | D:10     | Identified the +3 sling "Xev Dej" {elec, Str+3}
 20301 | D:10     | Found an ornate altar of the Wu Jian Council.
 20744 | D:11     | Found Zoantac's Armour Shoppe.
 20746 | D:11     | Found a staircase to the Orcish Mines.
 21384 | D:11     | Noticed Maurice
 21389 | D:11     | Killed Maurice
 21683 | Orc:1    | Entered Level 1 of the Orcish Mines
 22021 | Orc:1    | Noticed an orc warlord
 22037 | Orc:1    | Killed an orc warlord
 22189 | Orc:1    | Learned a level 3 spell: Frozen Ramparts
 22351 | Orc:2    | Entered Level 2 of the Orcish Mines
 22462 | Orc:2    | Found a staircase to the Elven Halls.
 23104 | Orc:2    | Found Laxujyamp's General Store.
 23104 | Orc:2    | Found Sucyimni's Armour Shop.
 23106 | Orc:2    | Found Tufasied's Weapon Emporium.
 23106 | Orc:2    | Found Gijein's Weapon Shop.
 23118 | Orc:2    | Bought a +0 pair of boots of flying for 161 gold pieces
 23584 | Orc:2    | Bought a scroll of identify for 34 gold pieces
 23584 | Orc:2    | Bought a scroll of identify for 34 gold pieces
 23795 | Shoals:1 | Entered Level 1 of the Shoals
 23827 | Shoals:1 | Demolished by a merfolk

Illustrated notes

Levels and vault maps discovered:
D:1:      ncdulo_smallfort, layout_loops_cross
D:2:      layout_loops_cross, ebering_ecumenical_altar_sacrificial
D:3:      minmay_skewed_foursquare, layout_basic, serial_bayou_pond_a
D:4:      layout_loops_ring
D:5:      layout_cave_pools, nicolae_overflow_hallway_of_the_gods,
          mainiacjoe_sewer_entry_somewhere_in_here_2
D:6:      layout_layer_cave, grunt_gozag_statues, serial_shops, shop,
          uniq_crazy_yiuf_cottage
D:7:      layout_rooms, minmay_temple_entry_overgrown
D:8:      layout_basic, uniq_joseph, uniq_maggie
D:9:      layout_rooms, erik_lair_orcish_takeover, uniq_harold
D:10:     nicolae_hitomezashi [nicolae_hito_row, nicolae_hito_row,
          nicolae_hito_row, nicolae_hito_row, nicolae_hito_row,
          nicolae_hito_row, nicolae_hito_row, nicolae_hito_row,
          nicolae_hito_row, nicolae_hito_row, nicolae_hito_row,
          nicolae_hito_row, nicolae_hito_row, nicolae_hito_row,
          nicolae_hito_row, nicolae_hito_row, nicolae_hito_row,
          nicolae_hito_row], layout_basic, nicolae_wu_jian_wuxing_cycle,
          enter_bailey_5
D:11:     layout_stronghold, orc_david_3, uniq_maurice
Lair:1:   layout_gridlike, special_room [special_room_bee]
Lair:2:   layout_small_grid, spider_nest_entry_a, basic_altar
Lair:3:   layout_regular_city, minmay_shoals_entry_centaurs,
          lightli_volcano_entry_magma_tube, uniq_fannar, uniq_nessos,
          uniq_josephine
Lair:4:   layout_roguey, minmay_slime_entry_oklob_open, grunt_megastairs_4,
          uniq_kirke
Lair:5:   hellmonk_lair_end_abyssal_woods, layout_loops_ring,
          grunt_forest_small_clearings, amcnicky_mini_pool_medium,
          grunt_megastairs_1, infiniplex_staircase_pool
Shoals:1: layout_shoals
Orc:1:    layout_caves, nooodl_orcs_dogs
Orc:2:    grunt_orc_tribal_feast, layout_diamond_mine

Skill      XL: |  1  2  3  4  5  6  7  8  9 10 11 12 13 14 15 |
---------------+----------------------------------------------+-----
Spellcasting   | 5 6 7 8 9 10 11 | 11.7
Invocations    | 1 2 3 4 5 6 7 8 9 10 11 | 11.5
Fighting       | 1 2 3 4 5 6 7 8 9 10 | 10.6
Short Blades   | 1 2 3 4 5 6 7 8 9 10 | 10.6
Long Blades    | 1 2 3 4 5 6 7 8 9 10 | 10.6
Axes           | 1 2 3 4 5 6 7 8 9 10 | 10.6
Maces & Flails | 1 2 3 4 5 6 7 8 9 10 | 10.6
Polearms       | 1 2 3 4 5 6 7 8 9 10 | 10.6
Staves         | 1 2 3 4 5 6 7 8 9 10 | 10.6
Ranged Weapons | 1 2 3 4 5 6 7 8 9 10 | 10.6
Throwing       | 1 2 3 4 5 6 7 8 9 10 | 10.6
Armour         | 1 2 3 4 5 6 7 8 9 10 | 10.6
Shields        | 1 2 3 4 5 6 7 8 9 10 | 10.6
Unarmed Combat | 1 2 3 4 5 6 7 8 9 10 | 10.6
Evocations     | 1 2 3 4 5 6 7 8 9 10 | 10.6
Shapeshifting  | 1 2 3 4 5 6 7 8 9 |  9.7
Conjurations   | 1 2 3 4 5 6 7 8 |  8.9
Hexes          | 1 2 3 4 5 6 7 8 |  8.9
Summonings     | 1 2 3 4 5 6 7 8 |  8.9
Translocations | 1 2 3 4 5 6 7 8 |  8.9
Fire Magic     | 1 2 3 4 5 6 7 8 |  8.9
Ice Magic      | 1 2 3 4 5 6 7 8 |  8.9
Air Magic      | 1 2 3 4 5 6 7 8 |  8.9
Earth Magic    | 1 2 3 4 5 6 7 8 |  8.9
Alchemy        | 1 2 3 4 5 6 7 8 |  8.9
Dodging        | 5 6 7 8 9 10 11 | 11.5
Stealth        | 5 6 7 8 9 10 11 | 11.4
Necromancy     | 8 9 10 11 | 11.4

Action                     |  1- 3 |  4- 6 |  7- 9 | 10-12 | 13-15 || total
---------------------------+-------+-------+-------+-------+-------++-------
  Melee: Unarmed           |    27 |       |       |       |       ||    27
         Dagger            |    84 |    95 |   161 |    49 |    29 ||   418
         Bite              |     9 |     9 |    28 |    61 |    72 ||   179
         Punch             |     2 |     1 |     4 |    29 |    33 ||    69
         Battleaxe         |       |     4 |    52 |    21 |       ||    77
         Long sword        |       |       |     2 |       |       ||     2
         Lance             |       |       |       |   476 |   677 ||  1153
  Throw: Javelin           |     4 |     4 |     9 |     5 |       ||    22
         Boomerang         |       |       |     9 |    30 |    63 ||   102
         Dart              |       |       |     3 |    23 |    50 ||    76
   Cast: Necrotise         |     1 |       |       |       |       ||     1
         Vampiric Draining |     2 |     7 |    36 |   124 |    23 ||   192
         Blink             |       |       |       |     6 |     1 ||     7
         Sticky Flame      |       |       |       |     7 |    93 ||   100
         Mephitic Cloud    |       |       |       |     6 |    43 ||    49
         Ignite Poison     |       |       |       |     6 |    38 ||    44
         Freezing Cloud    |       |       |       |       |    38 ||    38
         Iskenderun's Myst |       |       |       |       |     2 ||     2
         Ozocubu's Armour  |       |       |       |       |     1 ||     1
         Frozen Ramparts   |       |       |       |       |     1 ||     1
 Invoke: Call Merchant     |       |       |       |     1 |     3 ||     4
  Evoke: Wand              |       |       |     1 |     5 |       ||     6
    Use: Potion            |     3 |     1 |       |     7 |     3 ||    14
         Scroll            |       |       |     6 |    15 |    10 ||    31
   Stab: Sleeping          |     4 |    11 |    25 |    11 |    14 ||    65
         Distracted        |       |       |       |     3 |    11 ||    14
         Confused          |       |       |       |     4 |    18 ||    22
 Armour: Robe              |    47 |       |       |       |       ||    47
         Skin              |     4 |       |       |       |       ||     4
         Leather armour    |       |    76 |   146 |   529 |   263 ||  1014
  Dodge: Dodged            |    82 |    63 |   164 |   426 |   321 ||  1056
  Block: Other             |       |       |    37 |   135 |    94 ||   266
         Reflection        |       |       |     5 |     1 |     6 ||    12

Table legend: (Time is in decaauts)
 A = Elapsed time spent in this place.
 B = Non-inter-level travel time spent in this place.
 C = Inter-level travel time spent in this place.
 D = Time resting spent in this place.
 E = Time spent auto-exploring this place.
 F = Levels seen in this place.
 G = Mean time per level.
                   A        B        C        D        E       F      G
               +--------+--------+--------+--------+--------+-----+--------+
         Total |  23533 |  22337 |   1196 |   3875 |   6636 |  22 | 1069.7 |
       Dungeon |  11609 |  11073 |    536 |   1580 |   3214 |  11 | 1055.4 |
          Lair |   8558 |   8033 |    525 |   1578 |   2646 |   5 | 1711.6 |
        Shoals |     24 |     24 |      0 |      0 |      0 |   1 |   24.0 |
  Orcish Mines |   1720 |   1588 |    132 |    205 |    479 |   2 |  860.0 |
         Sewer |    555 |    555 |      0 |     37 |    216 |   1 |  555.0 |
        Bailey |    338 |    338 |      0 |     39 |     81 |   1 |  338.0 |
       Volcano |    727 |    727 |      0 |    435 |      0 |   1 |  727.0 |
               +--------+--------+--------+--------+--------+-----+--------+

Top non-repeatable levels by time:
  Lair:1: 2279 daAuts
  Lair:5: 1846 daAuts
  Lair:3: 1723 daAuts
  Lair:4: 1437 daAuts
     D:9: 1418 daAuts
     D:6: 1415 daAuts
     D:8: 1387 daAuts
  Lair:2: 1271 daAuts
     D:3: 1147 daAuts
     D:7: 1090 daAuts
   Orc:2: 1045 daAuts
    D:11: 1019 daAuts
    D:10: 1009 daAuts
     D:2: 906 daAuts
     D:1: 782 daAuts
